 Dungeon Crawl Stone Soup version 0.27-b1-2-g8387495791 (console) character file.

Game seed: 7699613706938220747

43 Lordarticus the Gusty (level 3, -1/27 HPs)
             Began as a Draconian Air Elementalist on July 26, 2021.
             Killed from afar by Robin (8 damage)
             ... with a puff of flame
             ... on level 2 of the Dungeon.
             The game lasted 00:11:22 (1672 turns).

Lordarticus the Gusty (Draconian Air Elementalist)  Turns: 1672, Time: 00:11:22

Health: -1/27      AC:  5    Str: 10    XL:     3   Next: 37%
Magic:  0/6        EV: 12    Int: 22    God:
Gold:   81         SH:  0    Dex: 11    Spells: 4/7 levels left

rFire    . . .     SeeInvis .   i - +2 dagger (drain)
rCold    . . .     Faith    .   (no shield)
rNeg     . . .     Spirit   .   (armour unavailable)
rPois    .         Reflect  .   (helmet restricted)
rElec    .         Harm     .   (no cloak)
rCorr    .         Rampage  .   (no gloves)
Will     .....                  (no boots)
Stlth    ++........             (no amulet)
HPRegen  0.09/turn              h - +6 ring of intelligence
MPRegen  0.10/turn              (no ring)

@: no status effects
A: AC +5, unfitting armour, cold-blooded
a: no special abilities


You were on level 2 of the Dungeon.
You visited 1 branch of the dungeon, and saw 2 of its levels.

You collected 81 gold pieces.

Inventory:

Hand Weapons
 d - a +0 dagger
 i - a +2 dagger of draining (weapon)
Jewellery
 h - a +6 ring of intelligence (left hand)
Scrolls
 b - a scroll of teleportation {unknown}
 c - a scroll of enchant armour {unknown}
 e - a scroll of enchant weapon {unknown}
 f - 2 scrolls of identify {unknown}
Potions
 a - a potion of brilliance {unknown}
 g - a potion of haste {unknown}


   Skills:
 + Level 0.4 Fighting
 + Level 0.4 Short Blades
 + Level 2.3 Dodging
 + Level 2.0 Stealth
 + Level 2.6 Spellcasting
 + Level 1.0 Conjurations
 + Level 3.3 Air Magic


You had 4 spell levels left.
You knew the following spells:

 Your Spells              Type           Power      Damage    Failure   Level
a - Shock                 Conj/Air       48%        1d6       5%          1
b - Static Discharge      Conj/Air       12%        N/A       9%          2

Your spell library contained the following spells:

 Spells                   Type           Power      Damage    Failure   Level
 Swiftness                Air            17%        N/A       10%         3
 Airstrike                Air            8%         N/A       32%         4


Dungeon Overview and Level Annotations

Branches:
Dungeon (2/15)

Altars:

Shops:
D:1 [   D:2 *

Annotations:
D:2 Robin


Innate Abilities, Weirdness & Mutations

Your plain brown scales are hard. (AC +5)
You cannot fit into any form of body armour.
You are cold-blooded and may be slowed by cold attacks.


Message History

Aiming: Shock (safe; 5% risk of failure)
Press: ? - help, Shift-Dir - straight line, f/p - Robin
Aim: Robin, wielding a +2 dagger of venom, wearing a +0 animal skin, wearing a +0 helmet and carrying a wand of flame (10) (heavily wounded, 77% to hit)
The zap hits the hobgoblin.
The hobgoblin is almost dead.
The zap hits the hobgoblin.
The hobgoblin is lightly wounded.
The zap misses the goblin.
The zap hits Robin.
Robin is severely wounded.
Robin roars a battlecry!
The hobgoblin goes into a battle-frenzy!
The hobgoblin hits you.
You closely miss the hobgoblin.
The hobgoblin is almost dead.
The hobgoblin misses you.
You hit the hobgoblin but do no damage. You drain the hobgoblin.
You kill the hobgoblin!
You hit the hobgoblin.
The hobgoblin is heavily wounded.
The hobgoblin hits you.
You hit the hobgoblin. You drain the hobgoblin.
You kill the hobgoblin!
The goblin hits you with a +0 club.
* * * LOW HITPOINT WARNING * * *
Casting: Shock (safe; 5% risk of failure)
Confirm with . or Enter, or press ? or * to list all spells.
Aiming: Shock (safe; 5% risk of failure)
Press: ? - help, Shift-Dir - straight line, f/p - Robin
Aim: Robin, wielding a +2 dagger of venom, wearing a +0 animal skin, wearing a +0 helmet and carrying a wand of flame (10) (severely wounded, 77% to hit)
The zap hits the goblin.
The goblin is heavily wounded.
The zap hits Robin.
Robin is severely wounded.
The zap misses the frilled lizard.
The goblin barely misses you.
You closely miss the goblin.
The goblin is heavily wounded.
You hit the goblin.
You kill the goblin!
Robin zaps a wand.
The puff of flame hits you!
You die...

.........#
..†......###
...........
.........## #####
.........# #...#
.........#####.#l#
..........l.g..#.#
...∩....########g#
....).....# #@#
####.####........#
.###.### #########
.......# ####.#.#
#)#.# #)#.# .)#+#
...


You could see Robin and a frilled lizard.

Vanquished Creatures
  A dart slug (D:2)
  2 ball pythons
  2 endoplasms (D:1)
  2 giant cockroaches (D:1)
  6 hobgoblins (D:2)
  2 jackals (D:2)
  2 quokkas (D:1)
  A frilled lizard (D:2)
  9 goblins
  6 kobolds
  2 rats
35 creatures vanquished.

Vanquished Creatures (others)
  3 plants (D:2)
3 creatures vanquished.

Grand Total: 38 creatures vanquished

Notes
Turn   | Place    | Note
-------+----------+-------------------------------------------
     0 | D:1      | Lordarticus the Draconian Air Elementalist began the quest
                  | for the Orb.
     0 | D:1      | Reached XP level 1. HP: 14/14 MP: 3/3
   132 | D:1      | Found Tetzoz's Antique Armour Shop.
   576 | D:1      | Reached XP level 2. HP: 20/20 MP: 5/5
  1503 | D:2      | Learned a level 2 spell: Static Discharge
  1598 | D:2      | Reached XP level 3. HP: 26/26 MP: 4/6
  1617 | D:2      | Found Juhext's General Store.
  1632 | D:2      | Noticed Robin
  1672 | D:2      | Killed from afar by Robin

Illustrated notes

Levels and vault maps discovered:
D:1:      dpeg_arrival_signposts, layout_basic, serial_shops, shop
D:2:      layout_basic, serial_shops, shop,
          shapermc_ecumenical_altar_mp_ritualfount, uniq_robin

Skill      XL: |  1  2 |
---------------+-------+-----
Dodging        | 2 |  2.3
Stealth        | 2 |  2.0
Fighting       | |  0.4
Short Blades   | |  0.4
Spellcasting   | |  2.6
Conjurations   | |  1.0
Air Magic      | |  3.3

Action                   || total
-------------------------++-------
Melee: Unarmed           ||    16
       Dagger            ||    60
       Tailslap          ||     2
 Cast: Shock             ||    38
 Stab: Sleeping          ||     1
Armor: Skin              ||    41
Dodge: Dodged            ||    76
